 Dungeon Crawl Stone Soup version 0.27-a0-1149-g4505690ab0 (webtiles) character file.

Game seed: 8885298798247397814

3338 pokeman the Thaumaturge (level 9, -2/50 HPs)
             Began as a Deep Elf Hedge Wizard on May 13, 2021.
             Was a Follower of Vehumet.
             Slain by a gnoll
             ... wielding a +0 spear
              (8 damage)
             ... on level 8 of the Dungeon.
             The game lasted 00:22:09 (10670 turns).

pokeman the Thaumaturge (Deep Elf Hedge Wizard)    Turns: 10670, Time: 00:22:10

Health: -2/50      AC:  3    Str:  7    XL:     9   Next: 72%
Magic:  21/26      EV: 13    Int: 29    God:    Vehumet [*.....]
Gold:   644        SH:  0    Dex: 20    Spells: 15/31 levels left

rFire    . . .     SeeInvis .   g - +2 dagger (venom)
rCold    . . .     Faith    +   (no shield)
rNeg     . . .     Spirit   .   y - +0 leather armour
rPois    .         Reflect  .   c - +0 hat
rElec    +         Harm     .   (no cloak)
rCorr    .         Rampage  .   (no gloves)
Will     .....                  (no boots)
Stlth    ++........             j - amulet of faith
HPRegen  0.16/turn              H - +6 ring of dexterity
MPRegen  0.20/turn              J - ring of Midsummer {rElec Int+6}

@: no status effects
A: no striking features
a: Renounce Religion


You were on level 8 of the Dungeon.
You worshipped Vehumet.
Vehumet was aware of your devotion.
You visited 2 branches of the dungeon, and saw 9 of its levels.
You also visited: Ossuary.

You collected 644 gold pieces.

Inventory:

Hand Weapons
 g - a +2 dagger of venom (weapon)
 M - a +0 shortbow
Missiles
 h - 154 arrows
 I - a curare-tipped dart
Armour
 c - a +0 hat (worn)
 y - a +0 leather armour (worn)
 G - a +0 buckler
Magical Staves
 t - a staff of death
 F - a staff of earth
Jewellery
 j - an amulet of faith (around neck)
 H - a +6 ring of dexterity (left hand)
 J - the ring of Midsummer (right hand) {rElec Int+6}
   (You took it off a kobold brigand on level 6 of the Dungeon)

   [ring of intelligence]

   It affects your intelligence (+6).
   It insulates you from electricity.
 Q - a ring of resist corrosion
Wands
 r - a wand of charming (8)
 C - a wand of iceblast (25)
Scrolls
 a - a scroll of summoning {unknown}
 b - 2 scrolls of enchant weapon {unknown}
 f - 12 scrolls of identify {unknown}
 k - 2 scrolls of acquirement {unknown}
 o - 4 scrolls of noise {unknown}
 s - 3 scrolls of amnesia {unknown}
 w - 6 scrolls of teleportation {unknown}
 x - a scroll of enchant armour {unknown}
 D - a scroll of blinking {unknown}
 E - a scroll of fear {unknown}
 K - a scroll of torment {unknown}
 L - a scroll of holy word {unknown}
 P - a scroll of fog {unknown}
Potions
 d - a potion of mutation {unknown}
 e - 2 potions of haste {unknown}
 i - 2 potions of might {unknown}
 l - 2 potions of flight {unknown}
 m - a potion of invisibility {unknown}
 n - a potion of lignification {unknown}
 p - 2 potions of brilliance {unknown}
 q - a potion of cancellation {unknown}
 u - 3 potions of heal wounds {unknown}
 v - 5 potions of curing
 z - 3 potions of attraction {unknown}
 A - 2 potions of ambrosia {unknown}
 B - a potion of berserk rage {unknown}
 N - 2 potions of magic {unknown}
 O - a potion of degeneration {unknown}
 R - 2 potions of resistance {unknown}


   Skills:
 - Level 3.0 Fighting
 - Level 3.1 Armour
 - Level 4.0 Dodging
 - Level 3.0 Stealth
 + Level 2.2 Shields
 * Level 11.6 Spellcasting
 + Level 6.5 Conjurations
 - Level 1.1 Summonings
 - Level 1.1 Translocations
 + Level 5.2 Fire Magic
 - Level 1.3 Air Magic
 - Level 1.0 Earth Magic
 - Level 1.0 Poison Magic
 - Level 1.0 Evocations


You had 15 spell levels left.
You knew the following spells:

 Your Spells              Type           Power      Damage    Failure   Level
a - Magic Dart            Conj           100%       1d8       1%          1
b - Mephitic Cloud        Conj/Pois/Air  34%        N/A       4%          3
c - Call Imp              Summ           23%        N/A       4%          2
d - Blink                 Tloc           N/A        N/A       4%          2
e - Conjure Flame         Conj/Fire      50%        6-21      1%          3
f - Foxfire               Conj/Fire      100%       2x1d9     1%          1
g - Stone Arrow           Conj/Erth      76%        3d11      3%          3
h - Apportation           Tloc           46%        N/A       3%          1

Your spell library contained the following spells:

 Spells                   Type           Power      Damage    Failure   Level
 Searing Ray              Conj           100%       3d7       1%          2
 Sandblast                Erth           44%        2d11      3%          1
 Summon Small Mammal      Summ           92%        N/A       3%          1
 Dazzling Flash           Conj/Hex       70%        N/A       3%          3
 Animate Skeleton         Necr           32%        N/A       4%          1
 Corona                   Hex            17%        N/A       4%          1
 Freeze                   Ice            64%        1d8       4%          1
 Passwall                 Tmut/Erth      15%        N/A       5%          2
 Slow                     Hex            16%        N/A       7%          2
 Gell's Gravitas          Tloc           11%        N/A       9%          3
 Iskenderun's Mystic Bla  Conj/Tloc      39%        2d9       10%         4
 Fulminant Prism          Conj/Hex       17%        3d11      12%         4
 Hailstorm                Conj/Ice       35%        3d9       12%         4
 Confusing Touch          Hex            16%        N/A       14%         3
 Frozen Ramparts          Ice            32%        1d5       14%         3
 Ozocubu's Armour         Ice            16%        N/A       14%         3
 Petrify                  Tmut/Erth      19%        N/A       36%         4
 Lee's Rapid Deconstruct  Erth           11%        3d9*      63%         5
 Metabolic Englaciation   Hex/Ice        8%         N/A       77%         5
 Yara's Violent Unravell  Hex/Tmut       8%         3d5       77%         5


Dungeon Overview and Level Annotations

Branches:
Dungeon (8/15)             Temple (1/1) D:7         Ossuary (visited)
   Lair: D:8-11

Altars:
Ashenzari
Cheibriados
Dithmenos
Elyvilon
Fedhas
Gozag
Hepliaklqana
Kikubaaqudgha
Makhleb
Nemelex Xobeh
Okawaru
Qazlal
Ru
Sif Muna
Trog
Uskayaw
Vehumet
Wu Jian
Xom
Yredelemnul
Zin
The Shining One

Shops:
D:3 *   D:4 (   D:7 (


Message History

The orc wizard is severely wounded.
The foxfire hits the orc wizard.
You kill the orc wizard!
Vehumet accepts your kill. The orc barely misses you.
Casting: Foxfire (safe; 1% risk of failure)
Confirm with . or Enter, or press ? or * to list all spells.
You conjure some foxfire!
The orc hits you from afar with a +2 trident of protection!
Something hits you but does no damage.
Your foxfire dissipates!
The foxfire hits something.
A sky beast appears from thin air!
Reactivating autopickup.
The gargoyle hurls a stone arrow at you.
The stone arrow hits you!!
* * * LOW HITPOINT WARNING * * *
Casting: Foxfire (safe; 1% risk of failure)
Confirm with . or Enter, or press ? or * to list all spells.
Aiming: Stone Arrow (dangerous; 3% risk of failure)
Press: ? - help, Shift-Dir - straight line
Okay, then.
Unknown command.
Unknown command.
Casting: Stone Arrow (dangerous; 3% risk of failure)
Confirm with . or Enter, or press ? or * to list all spells.
You blink.
The orc priest looks braver for a moment.
The sky beast flickers out of sight!
Deactivating autopickup; reactivate with Ctrl-A.
You see here a killer bee corpse.
A gnoll shaman comes into view. It is wielding a +0 club.
A gnoll comes into view. It is wielding a +0 club.
The gnoll shaman shouts!
The gnoll shouts!
You hear a shout!
The gnoll hits you with a +0 club.
* * * LOW HITPOINT WARNING * * *
The gnoll hits you with a +0 spear.
* * * LOW HITPOINT WARNING * * *
The gnoll barely misses you. The gnoll hits you with a +0 spear!
You die...

.... ####.....# #####...#
......#..#.....' ..._.....#
......#..#.....# .........#
#....#'#......# #.......#
#.............# #.......#
#.....#..##...# #.......#
#>............# #.......#
#.............######.o.....###
#........g#..@gg.............†
#......#.#....g...o.o........o
#.................9.##........
#########...........##...#####
#########+####..####⌠.
##.##.##.. #.)8...#._
+......#.. #......#.)


You could see a gargoyle, a gnoll shaman, 2 gnolls and 2 orcs.

Vanquished Creatures
  Grinder (D:5)
  Sigmund (D:2)
  A wyvern (D:7)
  3 water moccasins
  2 black bears
  2 ogres
  An ice beast (D:6)
  A sky beast (D:5)
  3 centaurs (D:7)
  2 kobold brigands
  5 scorpions
  A water moccasin zombie (D:6)
  2 water moccasin skeletons
  6 killer bees (D:8)
  3 wights (D:8)
  A howler monkey (D:7)
  A jelly (D:6)
  2 centaur zombies
  An orc priest (D:8)
  4 hounds
  A centaur skeleton (D:5)
  4 iguanas
  Ijyb (D:3)
  Jessica (D:2)
  An orc wizard (D:8)
  8 mummies (Ossuary)
  3 gnolls
  6 adders
  2 howler monkey skeletons
  A shadow imp (D:7)
  A white imp (D:6)
  An adder skeleton (D:4)
  6 dart slugs
  5 orcs
  6 endoplasms
  A giant cockroach (D:2)
  2 gnoll zombies (Ossuary)
  7 goblins
  5 hobgoblins
  4 jackals (D:2)
  10 kobolds
  5 quokkas
  10 ball pythons
  2 bats
  2 frilled lizards
  2 hobgoblin zombies (Ossuary)
  2 kobold zombies (Ossuary)
  2 orc zombies (Ossuary)
  4 rats
148 creatures vanquished.

Vanquished Creatures (collateral kills)
  A necrophage (D:4)
  A hobgoblin (D:3)
2 creatures vanquished.

Vanquished Creatures (others)
  A gnoll (D:6)
  45 foxfires
46 creatures vanquished.

Grand Total: 196 creatures vanquished

Notes
Turn   | Place    | Note
-------+----------+-------------------------------------------
     0 | D:1      | pokeman the Deep Elf Hedge Wizard began the quest for the
                  | Orb.
     0 | D:1      | Reached XP level 1. HP: 10/10 MP: 7/7
   524 | D:1      | Reached XP level 2. HP: 16/16 MP: 7/9
  1150 | D:2      | Reached skill level 5 in Spellcasting
  1424 | D:2      | Reached XP level 3. HP: 20/20 MP: 6/11
  1428 | D:2      | Learned a level 3 spell: Mephitic Cloud
  1431 | D:2      | Learned a level 2 spell: Call Imp
  1434 | D:2      | Learned a level 2 spell: Blink
  1438 | D:2      | Learned a level 3 spell: Conjure Flame
  1565 | D:2      | HP: 1/20 [poisoned by an adder]
  1887 | D:2      | Reached skill level 1 in Fighting
  1887 | D:2      | Reached skill level 1 in Armour
  2399 | D:2      | Reached XP level 4. HP: 25/25 MP: 9/13
  2494 | D:2      | Learned a level 1 spell: Apportation
  2609 | D:2      | Noticed Sigmund
  2617 | D:2      | HP: 1/25 [something (13)]
  3045 | D:2      | You fall into a shaft and drop 2 floors!
  3118 | D:3      | HP: 1/25 [kobold/+0 club (4)]
  3443 | D:3      | Found Nevamov's Assorted Antiques.
  3483 | D:3      | Found a basalt altar of Yredelemnul.
  3571 | D:3      | Noticed Ijyb
  3584 | D:3      | Killed Ijyb
  3684 | D:3      | Reached skill level 1 in Fire Magic
  3756 | D:2      | Killed Sigmund
  3757 | D:2      | Reached skill level 6 in Spellcasting
  3757 | D:2      | Reached skill level 1 in Air Magic
  3757 | D:2      | Reached XP level 5. HP: 29/29 MP: 13/16
  3757 | D:2      | Reached XP level 6. HP: 34/34 MP: 13/17
  3842 | D:2      | Noticed Jessica
  3849 | D:2      | Killed Jessica
  4539 | D:4      | Reached skill level 7 in Spellcasting
  4545 | D:4      | Reached skill level 1 in Poison Magic
  4701 | D:4      | Found Aciwn's Weapon Boutique.
  4887 | D:4      | Reached skill level 1 in Evocations
  4946 | D:4      | Reached XP level 7. HP: 17/38 MP: 6/20
  5360 | D:4      | Found a bloodstained altar of Trog.
  5360 | D:4      | Found an iron altar of Okawaru.
  5522 | D:5      | Entered Level 5 of the Dungeon
  5663 | D:5      | Reached skill level 8 in Spellcasting
  5844 | D:5      | Learned a level 3 spell: Stone Arrow
  5939 | D:5      | Reached skill level 1 in Earth Magic
  6181 | D:5      | Reached XP level 8. HP: 44/44 MP: 16/22
  6235 | D:5      | HP: 1/44 [water moccasin (9)]
  6239 | D:5      | Reached skill level 9 in Spellcasting
  6587 | D:5      | Noticed Grinder
  6612 | D:5      | Paralysed by Grinder for 7 turns
  6727 | D:5      | Killed Grinder
  7095 | D:6      | Reached skill level 5 in Conjurations
  7532 | D:6      | Reached skill level 10 in Spellcasting
  7810 | D:6      | Identified the ring of Midsummer {rElec Int+6}
  7820 | D:6      | Reached XP level 9. HP: 37/49 MP: 6/25
  8090 | D:6      | Found an opulent altar of Gozag.
  8238 | D:7      | Found Aviumiy's Weapon Emporium.
  8276 | D:7      | Found a staircase to the Ecumenical Temple.
  8287 | Temple   | Entered the Ecumenical Temple
  8418 | Temple   | Became a worshipper of Vehumet
  8450 | D:7      | Found a glowing golden altar of the Shining One.
  8454 | D:7      | Found a snail-covered altar of Cheibriados.
  8914 | D:7      | Found a burning altar of Makhleb.
  9123 | D:7      | Reached skill level 1 in Shields
  9226 | D:7      | Found an ancient bone altar of Kikubaaqudgha.
  9504 | D:7      | Found an ornate altar of the Wu Jian Council.
  9681 | D:8      | Reached skill level 11 in Spellcasting
  9766 | D:8      | Found a shimmering altar of Xom.
  9790 | D:8      | Found a sand-covered staircase.
  9806 | Ossuary  | Entered an ossuary
  9941 | Ossuary  | Reached * piety under Vehumet
  9941 | Ossuary  | Offered knowledge of Foxfire by Vehumet.
  9944 | Ossuary  | Learned a level 1 spell: Foxfire
 10231 | D:8      | Found a glowing silver altar of Zin.
 10239 | D:8      | Found a shadowy altar of Dithmenos.
 10474 | D:8      | Found a broken altar of Ashenzari.
 10542 | D:8      | Reached skill level 5 in Fire Magic
 10634 | D:8      | Noticed a gargoyle
 10670 | D:8      | Slain by a gnoll

Illustrated notes

Levels and vault maps discovered:
D:1:      erik_arrival_orb_chamber, layout_loops_ring
D:2:      layout_loops_ring, uniq_jessica, uniq_sigmund
D:3:      layout_loops_ring, yredelemnul_altar_generic, serial_shops, shop,
          uniq_ijyb
D:4:      layout_cave_pools, grunt_temple_overflow_bloody_war, serial_shops,
          nicolae_shop_statue_plus
D:5:      layout_basic, uniq_grinder
D:6:      layout_basic, kennysheep_mini_moat
D:7:      layout_loops_cross, lemuel_coloured_pillars_altar, lemuel_tele_altar,
          overflow_temple_1_default, bloody_makhleb, kiku_gazebo_garden_becter,
          minmay_temple_entry_overgrown, serial_shops,
          nicolae_shop_competitors_out_of_business, skrybe_limestone_x
D:8:      layout_gridville, grunt_temple_overflow_order_and_chaos_1,
          jmf_multi_god_temple, erik_lair_dragon, nicolae_ossuary_entry_ruins,
          minmay_chambers_of_fives
Temple:   grunt_temple_mini_profane

Skill      XL: |  1  2  3  4  5  6  7  8  9 |
---------------+----------------------------+-----
Spellcasting   | 5 6 7 8 10 11 | 11.6
Fighting       | 1 2 3 |  3.0
Armour         | 1 3 |  3.1
Conjurations   | 2 3 4 5 6 |  6.5
Fire Magic     | 1 2 3 5 |  5.2
Dodging        | 3 4 |  4.0
Air Magic      | 1 |  1.3
Poison Magic   | 1 |  1.0
Evocations     | 1 |  1.0
Stealth        | 3 |  3.0
Earth Magic    | 1 |  1.0
Shields        | 2 |  2.2
Summonings     | |  1.1
Translocations | |  1.1

Action                   |  1- 3 |  4- 6 |  7- 9 || total
-------------------------+-------+-------+-------++-------
Melee: Dagger            |    25 |    33 |    59 ||   117
 Cast: Magic Dart        |    88 |    86 |    66 ||   240
       Blink             |     1 |     6 |     8 ||    15
       Mephitic Cloud    |       |     6 |    15 ||    21
       Call Imp          |       |     6 |     2 ||     8
       Conjure Flame     |       |     1 |    14 ||    15
       Stone Arrow       |       |       |    59 ||    59
       Foxfire           |       |       |    28 ||    28
Evoke: Wand              |       |       |     1 ||     1
  Use: Potion            |       |       |     1 ||     1
 Stab: Confused          |       |     2 |     6 ||     8
Armor: Robe              |     5 |     3 |       ||     8
       Leather armour    |       |       |    16 ||    16
Dodge: Dodged            |    27 |    25 |    72 ||   124

Table legend: (Time is in decaauts)
 A = Elapsed time spent in this place.
 B = Non-inter-level travel time spent in this place.
 C = Inter-level travel time spent in this place.
 D = Time resting spent in this place.
 E = Time spent auto-exploring this place.
 F = Levels seen in this place.
 G = Mean time per level.
                   A        B        C        D        E       F      G
               +--------+--------+--------+--------+--------+-----+--------+
         Total |  10681 |  10420 |    261 |   1246 |   7863 |  10 | 1068.1 |
       Dungeon |  10110 |   9874 |    236 |   1246 |   7451 |   8 | 1263.8 |
        Temple |    157 |    132 |     25 |      0 |    125 |   1 |  157.0 |
       Ossuary |    413 |    413 |      0 |      0 |    287 |   1 |  413.0 |
               +--------+--------+--------+--------+--------+-----+--------+

Top non-repeatable levels by time:
     D:2: 2169 daAuts
     D:5: 1743 daAuts
     D:7: 1293 daAuts
     D:3: 1186 daAuts
     D:1: 1124 daAuts
     D:4: 1042 daAuts
     D:6: 973 daAuts
     D:8: 577 daAuts
 Ossuary: 413 daAuts
  Temple: 157 daAuts
